cohdb
Replays
Latest Replays
All Replays
Popular Replays
Top Player Replays
Match Explorer
How It Works
Community
CoH3 Stats
Reddit
Sign in to upload your games and track your stats! →
Sign in with Steam
Match 43065564
Unlisted
Match 43065564
Overview
Messages
Build Orders
End
Vickers Machine Gun Team
Construct Section Command Post
Dingo Light Scout Car
Infantry Section
Infantry Section
ML 3-inch Mortar Team
Construct Platoon Command Post
Humber Armored Car
6-pounder Anti-tank Gun Team
Construct Company Command Post
Matilda II Heavy Tank
Armored Vehicle Training
Unlock M3 Grant Medium Tanks
Selects Air and Sea Battlegroup
Selects Air and Sea Battlegroup
Selects Supply Surplus
Selects Commando Section Paradrop
Selects Commando Support Section Paradrop
Commando Support Section Paradrop
Royal Engineer Section
M3 Grant Medium Tank
CMP 15cwt Truck
M3 Grant Medium Tank
Construct Resource Cache
Selects Anti-tank Rocket Loiter
Anti-tank Rocket Loiter
M3 Grant Medium Tank
Forward Retreat Point
Royal Engineer Section
Unlock Towed 17-pounder Anti-tank Guns
Anti-tank Rocket Loiter
M3 Grant Medium Tank
Infantry Training
Selects UNKNOWN (223837)
M3 Grant Medium Tank
Anti-tank Rocket Loiter
yylyoo
Ryan
Skayrippa
Knightz
777
PanzerFoster
Marsouin
Mr.Wu
0
0
Comments
sign in to comment!
No comments posted yet!